 Dungeon Crawl Stone Soup version 0.28-a0-1616-g050a50673c (webtiles) character file.

Game seed: 1957856710770162648

163 grumblor the Sneak (level 5, -11/35 HPs)
             Began as an Octopode Brigand on Jan 22, 2022.
             Killed from afar by Ijyb (46 damage)
             ... with a bolt of acid
             ... on level 3 of the Dungeon.
             The game lasted 00:03:04 (2277 turns).

grumblor the Sneak (Octopode Brigand)               Turns: 2277, Time: 00:03:04

Health: -11/35     AC:  1    Str: 10    XL:     5   Next: 44%
Magic:  7/7        EV: 12    Int: 14    God:
Gold:   77         SH:  4    Dex: 15    Spells: 6/6 levels left

rFire   . . .      SeeInvis .   a - +3 dagger
rCold   . . .      Faith    .   f - +0 buckler
rNeg    . . .      Spirit   .   (helmet restricted)
rPois   .          Reflect  .   (no amulet)
rElec   .          Harm     .   (no ring)
rCorr   .          Rampage  .   (no ring)
Will    .....                   (no ring)
Stlth   +++++.....              (no ring)
HPRegen 0.11/turn               (no ring)
MPRegen 0.10/turn               (no ring)
                                (no ring)
                                (no ring)

@: no status effects
A: almost no armour, amphibious, 8 rings, camouflage 1, gelatinous body 1,
(nimble swimmer 1), tentacles
a: no special abilities


You were on level 3 of the Dungeon.
You visited 1 branch of the dungeon, and saw 3 of its levels.
You also visited: Sewer.

You collected 77 gold pieces.

Inventory:

Hand Weapons
 a - a +3 dagger (weapon)
Missiles
 b - 11 poisoned darts (quivered)
 c - 2 curare-tipped darts
Armour
 f - a +0 buckler (worn)
Scrolls
 k - a scroll of enchant weapon
Potions
 d - a potion of might {unknown}
 e - a potion of cancellation
 g - 4 potions of curing {unknown}
 h - 4 potions of mutation {unknown}
 i - a potion of resistance {unknown}
 l - 2 potions of lignification {unknown}


   Skills:
 * Level 2.4 Fighting
 - Level 2.0 Short Blades
 - Level 2.0 Throwing
 * Level 1.5 Dodging
 * Level 7.9 Stealth
 * Level 1.1 Shields
 * Level 1.3 Spellcasting


You had 6 spell levels left.
You didn't know any spells.
Your spell library was empty.

Dungeon Overview and Level Annotations

Branches:
Dungeon (3/15)              Sewer (visited)

Altars:

Annotations:
D:3 Ijyb


Innate Abilities, Weirdness & Mutations

You cannot wear most types of armour.
You are amphibious.
You can wear up to eight rings at the same time.
Your skin changes colour to match your surroundings (Stealth+).
Your rubbery body absorbs attacks. (AC +1, EV +1)
((You are camouflaged when in or above water. (Stealth+)))
You have tentacles for arms and can constrict up to eight enemies at once.


Message History

Magic quickly surges around you.
It was a scroll of vulnerability.
Done exploring.
Done exploring.
Done exploring.
Sorry, you can't auto-travel out of here.
You can't go down here!
You see here an adder skeleton.
You see here an adder skeleton.
You feel your willpower return.
There is a gate leading back out of this place here.
Welcome back to the Dungeon!
There is a collapsed entrance here.
You see here a quokka skeleton.
Things that are here:
a stone; a +0 club; a kobold skeleton
Found a stone staircase leading up.
Things that are here:
a +0 club; a goblin skeleton You see here a ball python skeleton.
A rat comes into view.
You aren't carrying any pieces of jewellery.
A rat is nearby!
The helpless rat fails to defend itself.
You stick the rat like a pincushion!!!
You kill the rat!
No target in view!
No target in view!
No target in view!
Found 14 stones.
No target in view!
A quokka comes into view.
A quokka is nearby!
Ijyb the Twisted Goblin comes into view.
She is wielding a +0 club and carrying a wand of acid (7).
A jelly comes into view.
The helpless quokka fails to defend itself.
You stick the quokka like a pincushion!!!
You kill the quokka!
Ijyb zaps a wand.
The bolt of acid hits you!!!
Ouch! That really hurt!
You die...

....#.#........###..#.##....
..##..................##....
.............######...#.....
........####.# ##....###.
.....##.## #.## #....# ##
.........###..####...#..#
.#.#...............#.#....
..................J..#....
.##..(.....@....... #....
.......g...†...... .<.
#..................
..#................
#................
#................
#..............#
#.....##.......


You could see Ijyb and a jelly (asleep).

Vanquished Creatures
  A hound (D:2)
  3 adders (Sewer)
  4 gnolls (D:2)
  2 worms
  A dart slug (D:2)
  An orc (D:2)
  7 ball pythons
  5 endoplasms
  8 giant cockroaches
  3 goblins
  3 hobgoblins
  2 kobolds
  5 quokkas (D:3)
  5 bats
  7 frilled lizards
  3 rats
60 creatures vanquished.

Notes
Turn   | Place    | Note
-------+----------+-------------------------------------------
     0 | D:1      | grumblor the Octopode Brigand began the quest for the Orb.
     0 | D:1      | Reached XP level 1. HP: 14/14 MP: 1/1
   309 | D:1      | Reached XP level 2. HP: 19/19 MP: 2/2
   643 | D:1      | Reached skill level 6 in Stealth
   856 | D:2      | Reached XP level 3. HP: 24/24 MP: 2/4
   909 | D:2      | Reached XP level 4. HP: 28/29 MP: 5/5
   912 | D:2      | Reached skill level 7 in Stealth
   925 | D:2      | Reached skill level 1 in Spellcasting
  1189 | D:2      | Found a faded altar of an unknown god.
  1355 | D:2      | Reached skill level 1 in Shields
  1699 | D:3      | Reached XP level 5. HP: 35/35 MP: 6/6
  1741 | D:3      | Found a glowing drain.
  1760 | Sewer    | Entered a sewer
  2272 | D:3      | Noticed Ijyb
  2277 | D:3      | Killed from afar by Ijyb

Illustrated notes

Levels and vault maps discovered:
D:1:      minmay_arrival_stone_box, layout_basic
D:2:      layout_rooms, hellmonk_ecumenical_altar_blasted
D:3:      layout_rooms, gup_sewer_entry_pipe, uniq_ijyb,
          uniq_crazy_yiuf_cottage, uniq_sigmund, uniq_natasha

Skill      XL: |  1  2  3  4 |
---------------+-------------+-----
Stealth        | 6 7 |  7.9
Spellcasting   | 1 |  1.3
Shields        | 1 |  1.1
Fighting       | |  2.4
Short Blades   | |  2.0
Throwing       | |  2.0
Dodging        | |  1.5

Action                   |  1- 3 |  4- 6 || total
-------------------------+-------+-------++-------
Melee: Dagger            |    39 |    60 ||    99
       Constrict         |     6 |    11 ||    17
       Tentacles         |     6 |    10 ||    16
  Use: Scroll            |     1 |     6 ||     7
 Stab: Sleeping          |     7 |    22 ||    29
Armor: Skin              |     6 |     1 ||     7
Dodge: Dodged            |    21 |    17 ||    38
Block: Buckler           |     3 |     2 ||     5

Table legend: (Time is in decaauts)
 A = Elapsed time spent in this place.
 B = Non-inter-level travel time spent in this place.
 C = Inter-level travel time spent in this place.
 D = Time resting spent in this place.
 E = Time spent auto-exploring this place.
 F = Levels seen in this place.
 G = Mean time per level.
                   A        B        C        D        E       F      G
               +--------+--------+--------+--------+--------+-----+--------+
         Total |   2270 |   2224 |     46 |    435 |   1315 |   4 |  567.5 |
       Dungeon |   1846 |   1800 |     46 |    353 |   1088 |   3 |  615.3 |
         Sewer |    424 |    424 |      0 |     82 |    227 |   1 |  424.0 |
               +--------+--------+--------+--------+--------+-----+--------+

Top non-repeatable levels by time:
     D:1: 850 daAuts
     D:2: 700 daAuts
   Sewer: 424 daAuts
     D:3: 295 daAuts
